 Dungeon Crawl Stone Soup version 0.28.0 (webtiles) character file.

Game seed: 168229610718895693

3609 multipassport the Fighter (level 10, -11/81 HPs)
             Began as a Gnoll Abyssal Knight on Feb 8, 2022.
             Was a Priest of Lugonu.
             Mangled by a two-headed ogre (23 damage)
             ... on level 8 of the Dungeon.
             The game lasted 00:23:23 (8576 turns).

multipassport the Fighter (Gnoll Abyssal Knight)    Turns: 8576, Time: 00:23:23

Health: -11/81     AC: 14    Str: 17    XL:     10   Next: 11%
Magic:  17/17      EV: 12    Int: 12    God:    Lugonu [***...]
Gold:   395        SH:  5    Dex: 13    Spells: 16/19 levels left

rFire   . . .      SeeInvis .   k - +9 war axe of Crystal {vorpal, rPois Int+3 Stlth+}
rCold   . . .      Faith    .   a - +0 buckler
rNeg    + . .      Spirit   .   p - quicksilver dragon scales
rPois   +          Reflect  .   (no helmet)
rElec   .          Harm     .   (no cloak)
rCorr   .          Rampage  .   (no gloves)
Will    +....                   d - +1 pair of boots
Stlth   +++.......              (no amulet)
HPRegen 0.23/turn               h - ring of poison resistance
MPRegen 0.15/turn               s - ring of positive energy

@: studying Staves
A: fangs 1, strong nose, distributed training
a: Renounce Religion, Depart the Abyss, Bend Space, Banish


You were on level 8 of the Dungeon.
You worshipped Lugonu.
Lugonu was most pleased with you.
You visited 2 branches of the dungeon, and saw 9 of its levels.
You visited the Abyss 1 time.

You collected 395 gold pieces.

Inventory:

Hand Weapons
 k - the +9 war axe of Crystal (weapon) {vorpal, rPois Int+3 Stlth+}
   (You found it on level 2 of the Dungeon)

   It inflicts extra damage upon your enemies.
   Int:       It affects your intelligence (+3).
   rPois:     It protects you from poison.
   Stlth:     It makes you more stealthy.
Missiles
 o - a throwing net
Armour
 a - a +0 buckler (worn)
 d - a +1 pair of boots (worn)
 p - quicksilver dragon scales (worn)
 x - the +1 scale mail of the Merchant {Fly Int+2 Dex+4}
   (You took it off an orc on level 8 of the Dungeon)

   Int:       It affects your intelligence (+2).
   Dex:       It affects your dexterity (+4).
   Fly:       It grants you flight.
Jewellery
 h - a ring of poison resistance (left hand)
 s - a ring of positive energy (right hand)
 w - a ring of flight
Wands
 b - a wand of iceblast (7)
 q - a wand of charming (20)
 t - a wand of acid (5)
 v - a wand of polymorph (6)
Scrolls
 c - 4 scrolls of fear
 g - a scroll of identify
 j - 2 scrolls of fog
 n - 2 scrolls of enchant weapon
Potions
 e - 4 potions of curing
 f - a potion of haste
 i - 2 potions of heal wounds
 l - a potion of magic
 m - a potion of flight {unknown}
 r - a potion of attraction {unknown}
 u - 3 potions of might


   Skills:
 + Level 8.3 Fighting
 + Level 5.0 Short Blades
 + Level 5.0 Long Blades
 + Level 6.8 Axes
 + Level 5.0 Maces & Flails
 + Level 5.0 Polearms
 + Level 5.2 Staves
 + Level 5.0 Slings
 + Level 5.0 Bows
 + Level 5.0 Crossbows
 + Level 5.0 Throwing
 + Level 6.8 Armour
 + Level 5.6 Dodging
 + Level 5.0 Stealth
 + Level 5.0 Shields
 + Level 5.0 Unarmed Combat
 + Level 5.0 Spellcasting
 + Level 4.1 Conjurations
 + Level 4.1 Hexes
 + Level 4.1 Summonings
 + Level 4.1 Necromancy
 + Level 4.1 Translocations
 + Level 4.1 Transmutations
 + Level 4.1 Fire Magic
 + Level 4.1 Ice Magic
 + Level 4.1 Air Magic
 + Level 4.1 Earth Magic
 + Level 4.1 Poison Magic
 + Level 7.2 Invocations
 + Level 5.0 Evocations


You had 16 spell levels left.
You knew the following spells:

 Your Spells              Type           Power      Damage    Failure   Level
a - Ozocubu's Armour      Ice            12%        N/A       24%         3

Your spell library contained the following spells:

 Spells                   Type           Power      Damage    Failure   Level
 Confusing Touch          Hex            12%        N/A       24%         3
 Stone Arrow              Conj/Erth      24%        3d8       24%         3
 Animate Armour           Summ/Erth      24%        N/A       63%         4
 Metabolic Englaciation   Hex/Ice        6%         N/A       92%         5
 Yara's Violent Unravell  Hex/Tmut       6%         3d5       92%         5
 Simulacrum               Ice/Necr       6%         N/A       100%        6
 Enfeeble                 Hex            6%         N/A       100%        7
 Lehudib's Crystal Spear  Conj/Erth      6%         10d3      100%        8


Dungeon Overview and Level Annotations

Branches:
Dungeon (8/15)             Temple (1/1) D:4
   Lair: D:8-11

Altars:

Shops:
D:1 =*

Annotations:
D:8 3 runed translucent doors


Innate Abilities, Weirdness & Mutations

You have very sharp teeth.
Your uncanny sense of smell can sniff out nearby items.
Your experience applies equally to all skills.


Message History

Your Shields skill increases to level 5!
Your Unarmed Combat skill increases to level 5!
Your Spellcasting skill increases to level 5!
Your Evocations skill increases to level 5!
Things that are here:
a +0 dagger; a +0 robe
Things that are here:
a +0 flail; an orc corpse
Things that are here:
a +0 dagger; a +0 robe You now have 395 gold pieces (gained 15).
n - 2 scrolls of enchant weapon (gained 1)
A two-headed ogre comes into view. It is wielding two +0 giant clubs.
Press: ? - help, v - describe, . - travel
Here: a two-headed ogre, wielding two +0 giant clubs (asleep)
The floor.
You slash the two-headed ogre!
The two-headed ogre is moderately wounded.
The two-headed ogre closely misses you. You block the two-headed ogre's attack.
You slash the two-headed ogre!
The two-headed ogre is heavily wounded.
The two-headed ogre hits you with a +0 giant club!!
The two-headed ogre hits you with a +0 giant club!
You are too injured to fight recklessly!
You are too injured to fight recklessly!
You are too injured to fight recklessly!
You are too injured to fight recklessly!
You barely miss the two-headed ogre.
The two-headed ogre is heavily wounded.
The two-headed ogre hits you with a +0 giant club!
The two-headed ogre closely misses you.
You hit the two-headed ogre.
The two-headed ogre is severely wounded.
The two-headed ogre hits you with a +0 giant club!
* * * LOW HITPOINT WARNING * * *
The two-headed ogre hits you but does no damage.
You hit the two-headed ogre.
The two-headed ogre is severely wounded.
The two-headed ogre hits you with a +0 giant club!!
You die...

### ##.#### #.....##
###....## ##
###...### ##..
###...## .....####
##...### ........###
##....# #..O@..####
##.... #####.....###
###.. ##......##
#####.
#.##....###...##
######.#....##.....<.
...........##........
#####....##....###..
##....##....## ##.
#....##....## ##


You could see a two-headed ogre.

Vanquished Creatures
  A death knight (D:7)
  Grinder (D:6)
  A shadow (D:8)
  A sky beast (D:6)
  An ice beast (D:7)
  A hornet zombie (D:7)
  3 orc warriors
  A necrophage (D:5)
  2 black bears
  3 centaurs
  Blork the orc (D:5)
  3 bullfrogs
  A water moccasin zombie (D:7)
  6 killer bees (D:5)
  4 wights (D:4)
  A howler monkey (D:7)
  3 jellies
  A centaur zombie (D:8)
  2 hounds
  5 orc priests
  2 bullfrog skeletons (D:5)
  A centaur skeleton (D:7)
  3 iguanas
  3 orc wizards
  A mummy (D:7)
  7 gnolls (D:6)
  3 adders
  A white imp (D:7)
  3 ufetubi
  4 worms
  3 dart slugs
  23 orcs
  6 ball pythons
  5 bats (D:1)
  5 endoplasms
  3 giant cockroaches
  7 goblins
  6 hobgoblins
  4 jackals (D:1)
  4 kobolds
  A quokka (D:1)
  9 frilled lizards
  A goblin zombie (D:7)
  A kobold zombie (D:7)
  7 rats
155 creatures vanquished.

Vanquished Creatures (others)
  13 plants
13 creatures vanquished.

Grand Total: 168 creatures vanquished

Notes
Turn   | Place    | Note
-------+----------+-------------------------------------------
     0 | Abyss:1  | multipassport the Gnoll Abyssal Knight began the quest for
                  | the Orb.
     0 | Abyss:1  | Reached XP level 1. HP: 23/23 MP: 3/3
    44 | Abyss:2  | Noticed a starcursed mass
    46 | Abyss:2  | Noticed a small abomination
    48 | Abyss:2  | Noticed a large abomination
    56 | D:1      | Escaped the Abyss
   102 | D:1      | Reached * piety under Lugonu
   317 | D:1      | Reached XP level 2. HP: 29/29 MP: 5/5
   333 | D:1      | Found Lohyl's General Store.
   442 | D:1      | Found a faded altar of an unknown god.
   730 | D:1      | Found Wocaz's Jewellery Shoppe.
   750 | D:1      | Reached XP level 3. HP: 25/35 MP: 6/6
  1439 | D:2      | Identified the +9 war axe of Crystal {vorpal, rPois Int+3
                  | Stlth+}
  1678 | D:2      | Reached skill level 1 in Short Blades
  1678 | D:2      | Reached skill level 1 in Long Blades
  1678 | D:2      | Reached skill level 1 in Maces & Flails
  1678 | D:2      | Reached skill level 1 in Polearms
  1678 | D:2      | Reached skill level 1 in Staves
  1678 | D:2      | Reached skill level 1 in Slings
  1678 | D:2      | Reached skill level 1 in Bows
  1678 | D:2      | Reached skill level 1 in Crossbows
  1678 | D:2      | Reached skill level 1 in Throwing
  1678 | D:2      | Reached skill level 1 in Stealth
  1678 | D:2      | Reached skill level 1 in Shields
  1678 | D:2      | Reached skill level 1 in Unarmed Combat
  1678 | D:2      | Reached skill level 1 in Spellcasting
  1678 | D:2      | Reached skill level 1 in Evocations
  1879 | D:3      | Reached XP level 4. HP: 41/41 MP: 7/7
  2142 | D:3      | Reached ** piety under Lugonu
  2757 | D:3      | Reached skill level 1 in Conjurations
  2757 | D:3      | Reached skill level 1 in Hexes
  2757 | D:3      | Reached skill level 1 in Summonings
  2757 | D:3      | Reached skill level 1 in Necromancy
  2757 | D:3      | Reached skill level 1 in Translocations
  2757 | D:3      | Reached skill level 1 in Transmutations
  2757 | D:3      | Reached skill level 1 in Fire Magic
  2757 | D:3      | Reached skill level 1 in Ice Magic
  2757 | D:3      | Reached skill level 1 in Air Magic
  2757 | D:3      | Reached skill level 1 in Earth Magic
  2757 | D:3      | Reached skill level 1 in Poison Magic
  3007 | D:4      | Found a staircase to the Ecumenical Temple.
  3041 | D:4      | You fall into a shaft and drop 1 floor!
  3041 | D:5      | Entered Level 5 of the Dungeon
  3047 | D:5      | Reached XP level 5. HP: 47/47 MP: 8/8
  3361 | D:5      | Reached skill level 5 in Invocations
  3361 | D:5      | Reached XP level 6. HP: 53/53 MP: 9/9
  3415 | D:5      | Noticed Blork the orc
  3423 | D:5      | Killed Blork the orc
  3424 | D:5      | Reached skill level 5 in Axes
  3424 | D:5      | Reached skill level 5 in Armour
  3863 | D:4      | Reached XP level 7. HP: 52/59 MP: 10/10
  3924 | D:4      | Reached skill level 7 in Fighting
  4326 | Temple   | Entered the Ecumenical Temple
  4515 | D:5      | Reached XP level 8. HP: 60/67 MP: 12/12
  5051 | D:6      | Reached *** piety under Lugonu
  5472 | D:6      | Noticed Grinder
  5484 | D:6      | Killed Grinder
  5992 | D:6      | Reached XP level 9. HP: 70/72 MP: 14/14
  6251 | D:6      | Learned a level 3 spell: Ozocubu's Armour
  6561 | D:7      | Noticed a death knight
  6898 | D:8      | Reached skill level 5 in Dodging
  7304 | D:7      | Killed a death knight
  7305 | D:7      | Reached skill level 8 in Fighting
  8044 | D:8      | Found a runed translucent gate.
  8045 | D:8      | Found a runed translucent gate.
  8047 | D:8      | Found a runed translucent gate.
  8047 | D:8      | Noticed a glowing orange brain
  8051 | D:8      | Noticed a red ugly thing
  8052 | D:8      | Noticed a red ugly thing
  8058 | D:8      | Noticed a green ugly thing
  8069 | D:8      | Reached XP level 10. HP: 74/80 MP: 17/17
  8176 | D:8      | Reached skill level 5 in Staves
  8345 | D:8      | Identified the +1 scale mail of the Merchant {Fly Int+2
                  | Dex+4}
  8532 | D:8      | Reached skill level 5 in Short Blades
  8532 | D:8      | Reached skill level 5 in Long Blades
  8532 | D:8      | Reached skill level 5 in Maces & Flails
  8532 | D:8      | Reached skill level 5 in Polearms
  8532 | D:8      | Reached skill level 5 in Slings
  8532 | D:8      | Reached skill level 5 in Bows
  8532 | D:8      | Reached skill level 5 in Crossbows
  8532 | D:8      | Reached skill level 5 in Throwing
  8532 | D:8      | Reached skill level 5 in Stealth
  8532 | D:8      | Reached skill level 5 in Shields
  8532 | D:8      | Reached skill level 5 in Unarmed Combat
  8532 | D:8      | Reached skill level 5 in Spellcasting
  8532 | D:8      | Reached skill level 5 in Evocations
  8568 | D:8      | Noticed a two-headed ogre
  8576 | D:8      | Mangled by a two-headed ogre

Illustrated notes

Levels and vault maps discovered:
D:1:      dpeg_arrival_stone_temple_mockup, layout_loops_ring, serial_shops,
          nicolae_square_shop, nicolae_square_shop,
          hellmonk_ecumenical_altar_leap_of_faith
D:2:      layout_loops_ring
D:3:      layout_basic, serial_bayou, serial_bayou_shore_a, serial_bayou_pond_a,
          serial_bayou_lagoon_b, serial_bayou_pond_a
D:4:      layout_gridville, minmay_temple_entry_purple_smoke,
          kennysheep_pointless_box, roderic_st_hans_cross,
          minmay_misc_feat_four_crosses
D:5:      layout_loops_ring, uniq_blork_the_orc
D:6:      layout_basic, kennysheep_cross_room, minmay_lizard_king, uniq_grinder
D:7:      layout_basic, nicolae_ossuary_entry_giza, minmay_manual_maat
D:8:      layout_cave_pods, ploomutoo_gammafunk_ghost_potion_laboratory,
          nrook_mini_backslash, sigmund_army
Temple:   mainiacjoe_temple_archimedes_tessellation

Skill      XL: |  1  2  3  4  5  6  7  8  9 10 |
---------------+-------------------------------+-----
Short Blades   | 1 2 3 4 5 |  5.0
Long Blades    | 1 2 3 4 5 |  5.0
Maces & Flails | 1 2 3 4 5 |  5.0
Polearms       | 1 2 3 4 5 |  5.0
Staves         | 1 2 3 4 5 |  5.2
Slings         | 1 2 3 4 5 |  5.0
Bows           | 1 2 3 4 5 |  5.0
Crossbows      | 1 2 3 4 5 |  5.0
Throwing       | 1 2 3 4 5 |  5.0
Stealth        | 1 2 3 4 5 |  5.0
Shields        | 1 2 3 4 5 |  5.0
Unarmed Combat | 1 2 3 4 5 |  5.0
Spellcasting   | 1 2 3 4 5 |  5.0
Evocations     | 1 2 3 4 5 |  5.0
Conjurations   | 1 2 3 4 |  4.1
Hexes          | 1 2 3 4 |  4.1
Summonings     | 1 2 3 4 |  4.1
Necromancy     | 1 2 3 4 |  4.1
Translocations | 1 2 3 4 |  4.1
Transmutations | 1 2 3 4 |  4.1
Fire Magic     | 1 2 3 4 |  4.1
Ice Magic      | 1 2 3 4 |  4.1
Air Magic      | 1 2 3 4 |  4.1
Earth Magic    | 1 2 3 4 |  4.1
Poison Magic   | 1 2 3 4 |  4.1
Dodging        | 3 4 5 |  5.6
Invocations    | 5 6 7 |  7.2
Axes           | 5 6 |  6.8
Armour         | 5 6 |  6.8
Fighting       | 7 8 |  8.3

Action                   |  1- 3 |  4- 6 |  7- 9 | 10-12 || total
-------------------------+-------+-------+-------+-------++-------
Melee: Hand axe          |    88 |       |       |       ||    88
       Bite              |     6 |     3 |    15 |     2 ||    26
       War axe           |     9 |    82 |   171 |    25 ||   287
       Punch             |     1 |       |       |       ||     1
Invok: Depart the Abyss  |     1 |       |       |       ||     1
       Bend Space        |       |       |     2 |       ||     2
       Banish            |       |       |     2 |       ||     2
Evoke: Wand              |       |       |     2 |       ||     2
  Use: Scroll            |       |     8 |     6 |       ||    14
       Potion            |       |     1 |       |       ||     1
 Stab: Sleeping          |     3 |     9 |     8 |     2 ||    22
       Distracted        |       |       |     1 |       ||     1
Armor: Leather armour    |    24 |     5 |       |       ||    29
       Scale mail        |       |    27 |     3 |       ||    30
       Plate armour      |       |       |    35 |       ||    35
       Quicksilver drago |       |       |    47 |     8 ||    55
Dodge: Dodged            |    63 |    25 |    82 |    10 ||   180
Block: Buckler           |       |     7 |    40 |     4 ||    51
